 Dungeon Crawl Stone Soup version 0.24.0-123-gd5b16e6ec5 (webtiles) character file.

Game seed: 1457675566364368892, levelgen mode: deterministic

98196 Mesmaeker13 the Earth Mage (level 15, -1/113 HPs)
             Began as a Grey Draconian Earth Elementalist on Feb 4, 2020.
             Was an Elder of Sif Muna.
             Killed from afar by a shock serpent (15 damage)
             ... with a bolt of electricity
             ... on level 2 of the Snake Pit on Feb 5, 2020.
             The game lasted 01:27:21 (43810 turns).

Mesmaeker13 the Earth Mage (DrEE)                  Turns: 43810, Time: 01:27:22

Health: -1/113     AC: 19    Str: 11    XL:     15   Next: 74%
Magic:  4/29       EV: 16    Int: 21    God:    Sif Muna [****..]
Gold:   807        SH: 11    Dex: 12    Spells: 10/34 levels left

rFire    + + .     SeeInvis .   F - +3 scimitar (flame)
rCold    . . .     Gourm    .   e - +0 shield
rNeg     . . .     Faith    .   (armour unavailable)
rPois    +         Spirit   .   (helmet restricted)
rElec    .         Reflect  .   U - +2 cloak {rF+}
rCorr    +         Harm     .   i - +0 pair of gloves
MR       ++...                  B - +0 pair of boots
Stlth    ++........             o - amulet "Wuiwyw" {RegenMP rF+ MR+}
HPRegen  0.28/turn              l - ring of resist corrosion
MPRegen  0.46/turn              d - ring of poison resistance

@: no status effects
A: walk through water, unfitting armour, unbreathing, cold-blooded, AC +14
a: Channel Magic, Forget Spell, Divine Exegesis, Renounce Religion


You were on level 2 of the Snake Pit.
You worshipped Sif Muna.
Sif Muna was greatly pleased with you.
You were not hungry.

You visited 5 branches of the dungeon, and saw 26 of its levels.
You also visited: Volcano.

You collected 2944 gold pieces.
You spent 2137 gold pieces at shops.

Inventory:

Hand Weapons
 j - the +7 spear of Xom's Favour {pierce, Fragile Int+5, unknown}
   (You found it on level 2 of the Snake Pit)

   It inflicts extra damage upon your enemies.
   It affects your intelligence (+5).
   It will be destroyed if unequipped.
 k - a +2 antimagic dagger
 F - a +3 scimitar of flaming (weapon)
Missiles
 b - 206 stones
 G - 10 curare-tipped darts (quivered)
Armour
 e - a +0 shield (worn)
 i - a +0 pair of gloves (worn)
 B - a +0 pair of boots (worn)
 U - a +2 cloak of fire resistance (worn)
Jewellery
 d - a ring of poison resistance (right hand)
 l - a ring of resist corrosion (left hand)
 o - the amulet "Wuiwyw" (around neck) {RegenMP rF+ MR+}
   (You bought it in a shop on level 12 of the Dungeon)

   [amulet of magic regeneration]

   It increases your magic regeneration.
   It protects you from fire.
   It affects your resistance to hostile enchantments.
 E - the ring "Wemubu" {+Blink +Fly Str-3 Dex+3 SInv}
   (You bought it in a shop on level 2 of the Orcish Mines)

   [ring of dexterity]

   It affects your strength (-3).
   It affects your dexterity (+3).
   It lets you see invisible.
   It lets you fly.
   It lets you blink.
 P - an uncursed amulet of the gourmand {unknown}
 V - a +3 amulet of reflection
Wands
 h - a wand of paralysis (1)
 u - a wand of digging (14)
Scrolls
 a - a scroll of fear
 f - 4 scrolls of blinking
 g - 2 scrolls of magic mapping
 n - 10 scrolls of teleportation
 D - 11 scrolls of remove curse
 K - a scroll of summoning {unknown}
 L - 4 scrolls of fog
 S - 2 scrolls of enchant armour {unknown}
Potions
 m - 3 potions of might
 p - 2 potions of haste
 t - 2 potions of cancellation
 w - 3 potions of agility
 x - 6 potions of curing
 z - a potion of lignification {unknown}
 C - a potion of magic {unknown}
 H - 4 potions of heal wounds
 I - 3 potions of brilliance
 J - 4 potions of flight
 O - 4 potions of berserk rage
 Q - a potion of resistance {unknown}
 T - a potion of degeneration {unknown}
Miscellaneous
 N - a crystal ball of energy
Comestibles
 c - 16 rations


   Skills:
 - Level 5.0 Fighting
 - Level 10.1 Dodging
 - Level 1.7 Stealth
 + Level 9.8 Shields
 - Level 10.0 Spellcasting
 + Level 10.7 Conjurations
 + Level 10.0 Necromancy
   Level 1.0 Transmutations
 + Level 16.4 Earth Magic
 - Level 10.0 Invocations


You had 10 spell levels left.
You knew the following spells:

 Your Spells              Type           Power        Failure   Level  Hunger
a - Sandblast             Erth           ######       0%          1    None
b - Stone Arrow           Conj/Erth      ######       1%          3    None
c - Lee's Rapid Deconstr  Erth           ######....   1%          5    ####...
d - Borgnjor's Vile Clut  Necr/Erth      ######....   1%          5    ####...
e - Iron Shot             Conj/Erth      ######....   7%          6    ######.
f - Animate Dead          Necr           N/A          1%          4    ##.....

Your spell library contained the following spells:

 Spells                   Type           Power        Failure   Level  Hunger
 Animate Skeleton         Necr           N/A          1%          1    None
 Flame Tongue             Conj/Fire      ####.        1%          1    None
 Magic Dart               Conj           ####         1%          1    None
 Passwall                 Tmut/Erth      #####...     1%          2    None
 Throw Flame              Conj/Fire      ####..       1%          2    None
 Petrify                  Tmut/Erth      #####...     3%          4    ##.....
 Conjure Flame            Conj/Fire      ####....     4%          3    None
 Dazzling Spray           Conj/Hex       ####..       4%          3    None
 Dispel Undead            Necr           ######..     5%          5    ####...
 Mephitic Cloud           Conj/Pois/Air  ####....     9%          3    None
 Bolt of Magma            Conj/Fire/Erth #####.....   9%          5    ####...
 Apportation              Tloc           ##....       12%         1    None
 Confusing Touch          Hex            ##....       12%         1    None
 Infusion                 Chrm           ##..         12%         1    None
 Summon Small Mammal      Summ           ##..         12%         1    None
 Fulminant Prism          Conj/Hex       ####......   14%         4    ##.....
 Sticky Flame             Conj/Fire      ####....     14%         4    ##.....
 Blink                    Tloc           N/A          19%         2    None
 Call Imp                 Summ           ##......     19%         2    None
 Ensorcelled Hibernation  Hex/Ice        ##....       19%         2    None
 Slow                     Hex            ##......     19%         2    None
 Death Channel            Necr           ######....   30%         6    ######.
 Inner Flame              Hex/Fire       ##......     36%         3    None
 Recall                   Summ/Tloc      N/A          36%         3    None
 Spectral Weapon          Hex/Chrm       ##......     36%         3    None
 Fireball                 Conj/Fire      ####......   36%         5    ####...
 Statue Form              Tmut/Erth      #####....    47%         6    ######.
 Passage of Golubria      Tloc           N/A          77%         4    ##.....
 Simulacrum               Ice/Necr       ####......   94%         6    ######.
 Silence                  Hex/Air        ##........   98%         5    ####...
 Summon Forest            Summ/Tloc      ##........   98%         5    ####...
 Shatter                  Erth           ######....   100%        9    #######


Dungeon Overview and Level Annotations

Branches:
Dungeon (15/15)            Temple (1/1) D:6            Lair (6/6) D:10
 Shoals (0/4) Lair:3        Snake (2/4) Lair:2        Slime (0/5) Lair:6
    Orc (2/2) D:9             Elf (0/3) Orc:2        Vaults (0/5) D:13
 Depths (0/5) D:15        Volcano (visited)

Altars:
Ashenzari
Cheibriados
Dithmenos
Elyvilon
Fedhas
Gozag
Hepliaklqana
Kikubaaqudgha
Makhleb
Nemelex Xobeh
Okawaru
Qazlal
Ru
Sif Muna
Trog
Uskayaw
Vehumet
Wu Jian
Xom
Yredelemnul
Zin
The Shining One
Jiyva

Shops:
D:12 [=?(*   Orc:2 ***!?%

Annotations:
D:8 3 runed translucent doors
D:9 3 runed translucent doors, exclusion: statue, jlumianski's ghost, journeyman KoBe


Innate Abilities, Weirdness & Mutations

You can walk through water.
Your dull iron-grey scales are very hard. (AC +14)
You cannot fit into any form of body armour.
You can survive without breathing.
You are cold-blooded and may be slowed by cold attacks.


Message History

* * * LOW HITPOINT WARNING * * *
You block the shock serpent's attack. x2
Unknown command.
Casting: Stone Arrow (safe; 1% risk of failure)
Confirm with . or Enter, or press ? or * to list all spells.
Aiming: Stone Arrow (safe; 1% risk of failure)
Press: ? - help, Shift-Dir - straight line, f/p - shock serpent
Aim: a shock serpent (almost dead)
The stone arrow misses the shock serpent.
The shock serpent shoots out a bolt of lightning at you!
The bolt of electricity hits you!
* * * LOW HITPOINT WARNING * * *
Unknown command.
You feel much better.
The shock serpent shoots out a bolt of lightning at you!
The bolt of electricity hits you!!
* * * LOW HITPOINT WARNING * * *
The shock serpent shoots out a bolt of lightning at you!
The bolt of electricity hits you!
You die...

.. .. #... #...
....# ...# ...##
#..## #..S####..#
#.@........
#..?........
##..###...... .
########...# ##....
.. #...^.....# ...
..# #.........######
..
...##..............#
. .
#......[#........ .
##.....##....... ..


You could see a shock serpent.

Vanquished Creatures
  Agnes (D:15)
  A dire elephant (D:15)
  2 ogre magi (D:15)
  A rakshasa (D:13)
  5 hydras
  6 naga warriors
  A centaur warrior (D:15)
  Erica (D:8)
  7 two-headed ogres
  An anaconda (Snake:1)
  2 dancing weapons (D:13)
  3 death yaks (Lair:6)
  A hell hog (Volcano)
  A tengu warrior (D:10)
  3 shock serpents
  4 naga sharpshooters
  Sonja (D:11)
  A salamander mystic (Snake:1)
  A fire crab (Volcano)
  An unseen horror (D:11)
  5 orc knights
  4 deep elf magi
  4 cyclopes
  8 ugly things
  2 orc sorcerers (Orc:2)
  A mana viper (Snake:1)
  2 salamanders
  4 centaur zombies
  3 merfolk sirens (Lair:3)
  3 manticores
  Joseph (D:8)
  2 naga magi (Snake:2)
  12 black mambas
  11 spiny frogs
  3 kobold demonologists
  A gargoyle (D:11)
  6 komodo dragons
  A yaktaur (shapeshifter) (D:15)
  A merfolk (Lair:3)
  A queen bee (Lair:5)
  3 meliai (Lair:5)
  2 hornets
  8 polar bears
  8 trolls
  15 blink frogs
  5 slime creatures
  9 dream sheep (Lair:6)
  A meliai zombie (D:15)
  11 hippogriffs
  A water elemental (D:15)
  11 spriggans (Lair:6)
  A shadow (D:14)
  A vampire (D:12)
  7 wyverns
  A wraith (D:12)
  35 yaks
  3 vampire mosquitoes (D:14)
  6 basilisks
  3 steam dragons
  24 nagas
  5 wargs
  A soldier ant (D:8)
  A hell hound (Volcano)
  6 water moccasins
  Duvessa (D:6)
  A meliai simulacrum (D:15)
  6 porcupines
  30 orc warriors
  3 ice beasts
  5 sky beasts
  2 eyes of draining
  A necrophage (D:8)
  A hornet zombie (D:9)
  3 black bears (Lair:6)
  A phantom (D:9)
  16 ogres
  4 boggarts (Lair:6)
  22 centaurs
  23 wolves
  12 crocodiles
  15 bullfrogs
  10 big kobolds
  Blork the orc (D:5)
  A gnoll sergeant (Orc:1)
  2 wyvern zombies
  A wyvern skeleton (D:15)
  A water moccasin zombie (D:6)
  4 scorpions
  Dowan (D:7)
  26 killer bees
  3 wights (D:7)
  An electric eel (Lair:1)
  5 howler monkeys
  3 crimson imps
  A bullfrog zombie (D:12)
  A quasit (D:11)
  4 hounds
  3 centaur skeletons
  12 orc priests
  3 bullfrog skeletons
  5 jellies
  An iguana (D:4)
  Ijyb (D:5)
  12 orc wizards
  8 worker ants
  3 hound skeletons
  2 howler monkey zombies
  2 howler monkey skeletons (D:7)
  26 adders
  7 gnolls
  4 shadow imps
  2 white imps (D:15)
  An ufetubus (D:15)
  2 oozes
  2 adder skeletons
  An adder zombie (D:9)
  4 worms
  A dart slug (D:1)
  2 leopard geckos
  57 orcs
  4 ball pythons
  4 giant cockroaches
  14 goblins
  8 hobgoblins
  4 jackals (D:4)
  24 kobolds
  9 quokkas
  7 bats
  A frilled lizard (D:3)
  2 leopard gecko skeletons
  A leopard gecko zombie (D:7)
  6 rats
  A plant (D:10)
744 creatures vanquished.

Vanquished Creatures (collateral kills)
  A nagaraja (Snake:2)
  A shock serpent (Snake:2)
  A black mamba (Snake:1)
3 creatures vanquished.

Vanquished Creatures (others)
  Psyche (D:8)
  A steam dragon (Volcano)
  A bush (Lair:2)
  20 fungi
  13 plants
36 creatures vanquished.

Grand Total: 783 creatures vanquished

Notes
Turn   | Place    | Note
-------+----------+-------------------------------------------
     0 | D:1      | Mesmaeker13 the Draconian Earth Elementalist began the
                  | quest for the Orb.
     0 | D:1      | Reached XP level 1. HP: 14/14 MP: 3/3
   381 | D:1      | Reached XP level 2. HP: 20/20 MP: 3/5
  1241 | D:2      | Reached XP level 3. HP: 26/26 MP: 2/6
  1417 | D:2      | Found a glowing silver altar of Zin.
  1714 | D:2      | Found an opulent altar of Gozag.
  1775 | D:2      | Reached XP level 4. HP: 26/33 MP: 8/8
  2049 | D:3      | Reached skill level 4 in Earth Magic
  2121 | D:2      | Learned a level 3 spell: Stone Arrow
  2418 | D:3      | Reached XP level 5. HP: 38/38 MP: 2/9
  2734 | D:3      | Reached skill level 1 in Conjurations
  3109 | D:3      | Found a sparkling altar of Nemelex Xobeh.
  3565 | D:3      | Found a faded altar of an unknown god.
  3905 | D:4      | Reached XP level 6. HP: 34/45 MP: 10/10
  4167 | D:4      | Found a glowing golden altar of the Shining One.
  4681 | D:5      | Entered Level 5 of the Dungeon
  4808 | D:4      | Reached skill level 5 in Earth Magic
  4863 | D:4      | Your scales start taking on a dull iron-grey colour.
  4863 | D:4      | Reached skill level 6 in Earth Magic
  4863 | D:4      | Reached XP level 7. HP: 50/50 MP: 7/11
  4863 | D:4      | Gained mutation: You can survive without breathing. [Grey
                  | Draconian growth]
  5515 | D:5      | Found a bloodstained altar of Trog.
  5695 | D:5      | Reached skill level 7 in Earth Magic
  5789 | D:5      | Reached skill level 5 in Dodging
  6352 | D:5      | Noticed Ijyb
  6402 | D:5      | Reached XP level 8. HP: 44/57 MP: 5/12
  6410 | D:5      | Killed Ijyb
  6977 | D:5      | Noticed Blork the orc
  6993 | D:5      | Killed Blork the orc
  6993 | D:5      | Reached skill level 5 in Conjurations
  6993 | D:5      | Reached skill level 8 in Earth Magic
  7946 | D:6      | Found a staircase to the Ecumenical Temple.
  7954 | Temple   | Entered the Ecumenical Temple
  8035 | D:6      | You fall into a shaft and drop 2 floors!
  8353 | D:6      | Reached skill level 9 in Earth Magic
  8353 | D:6      | Reached XP level 9. HP: 62/62 MP: 3/13
  8563 | D:6      | Learned a level 5 spell: Lee's Rapid Deconstruction
  9451 | D:7      | Found a hazy altar of Hepliaklqana.
  9948 | D:7      | Found a shattered altar of Ashenzari.
 10012 | D:7      | Noticed Duvessa
 10012 | D:7      | Noticed Dowan
 10025 | D:7      | Killed Dowan
 10251 | D:6      | Killed Duvessa
 10251 | D:6      | Reached skill level 10 in Earth Magic
 10645 | D:8      | Noticed a green ugly thing
 10645 | D:8      | Noticed a white ugly thing
 10646 | D:8      | Found a runed translucent gate.
 10649 | D:8      | Found a runed translucent gate.
 10649 | D:8      | Found a runed translucent gate.
 10649 | D:8      | Noticed a red ugly thing
 10649 | D:8      | Noticed a green ugly thing
 10650 | D:8      | Noticed a cyan ugly thing
 10654 | D:8      | Noticed a glowing orange brain
 10834 | D:8      | Found a burning altar of Makhleb.
 10842 | D:8      | Noticed Erica
 11087 | D:8      | Killed Erica
 11087 | D:8      | Reached XP level 10. HP: 69/69 MP: 6/15
 11281 | D:8      | Noticed Joseph
 11284 | D:8      | Noticed Psyche
 11296 | D:8      | Killed Psyche
 11389 | D:8      | Killed Joseph
 12295 | D:9      | Found a radiant altar of Vehumet.
 12304 | D:9      | Reached skill level 11 in Earth Magic
 12639 | D:9      | Found a runed translucent gate.
 12639 | D:9      | Noticed jlumianski's ghost (journeyman KoBe)
 12640 | D:9      | Found a runed translucent gate.
 12641 | D:9      | Found a runed translucent gate.
 12672 | D:9      | Found a staircase to the Orcish Mines.
 12930 | D:9      | Found a sacrificial altar of Ru.
 13027 | D:9      | Found a white marble altar of Elyvilon.
 13093 | D:9      | Found a shimmering blue altar of Sif Muna.
 13094 | D:9      | Found a snail-covered altar of Cheibriados.
 13098 | D:9      | Became a worshipper of Sif Muna the Loreminder
 13196 | D:10     | Entered Level 10 of the Dungeon
 13831 | D:10     | Reached skill level 5 in Spellcasting
 13836 | D:10     | Noticed a tengu warrior
 14609 | Orc:1    | Entered Level 1 of the Orcish Mines
 14779 | Orc:1    | Reached * piety under Sif Muna
 14923 | Orc:1    | Noticed an orc knight
 14946 | D:9      | Killed an orc knight
 14946 | D:9      | Reached XP level 11. HP: 62/74 MP: 3/19
 15507 | Orc:1    | Noticed an orc knight
 15942 | Orc:1    | Reached skill level 1 in Invocations
 16067 | D:9      | Killed an orc knight
 16726 | Orc:2    | Entered Level 2 of the Orcish Mines
 16726 | Orc:2    | Noticed an orc sorcerer
 16728 | Orc:2    | Killed an orc sorcerer
 17263 | Orc:2    | Noticed an orc sorcerer
 17263 | Orc:2    | Paralysed by an orc sorcerer for 3 turns
 17265 | Orc:2    | Noticed a two-headed ogre
 17274 | Orc:2    | Killed an orc sorcerer
 17326 | Orc:2    | Killed a two-headed ogre
 17326 | Orc:2    | Reached skill level 12 in Earth Magic
 17879 | Orc:2    | Found Lyrruacw's Luxury Loot.
 18203 | Orc:2    | Found a staircase to the Elven Halls.
 18220 | Orc:2    | Found Paygatas's General Store.
 18230 | Orc:2    | Bought a scroll of identify for 30 gold pieces
 18524 | Orc:2    | Found a shimmering blue altar of Sif Muna.
 18542 | Orc:2    | Identified Sif Muna's Volume of Aid
 18954 | Orc:2    | Reached ** piety under Sif Muna
 19531 | Orc:2    | Noticed an orc knight
 19650 | Orc:2    | Killed an orc knight
 19726 | Orc:2    | Noticed an orc knight
 19966 | Orc:2    | Killed an orc knight
 20134 | Orc:2    | Noticed an orc knight
 20145 | Orc:2    | Killed an orc knight
 20145 | Orc:2    | Reached skill level 10 in Conjurations
 20484 | Orc:2    | Bought a ration for 75 gold pieces
 20689 | Orc:2    | Reached XP level 12. HP: 58/81 MP: 7/22
 21169 | Orc:2    | Found Tifaph's Distillery.
 21169 | Orc:2    | Found Jyikuse's Magic Scroll Emporium.
 21169 | Orc:2    | Found Voff's Food Shoppe.
 21173 | Orc:2    | Found Kagef's Assorted Antiques.
 21177 | Orc:2    | Bought a potion of curing for 39 gold pieces
 21185 | Orc:2    | Bought a bound brass ring for 125 gold pieces
 21185 | Orc:2    | Bought a scroll of identify for 50 gold pieces
 21185 | Orc:2    | Identified the ring "Wemubu" {+Blink +Fly Str-3 Dex+3 SInv}
                  | (You bought it in a shop on level 2 of the Orcish Mines)
 21193 | Orc:2    | Bought a scroll of identify for 34 gold pieces
 21196 | Orc:2    | Bought a potion of heal wounds for 65 gold pieces
 21200 | Orc:2    | Bought 2 potions of heal wounds for 130 gold pieces
 21200 | Orc:2    | Bought a potion of heal wounds for 65 gold pieces
 21233 | Orc:2    | Bought a metal-bound book for 375 gold pieces
 21240 | Orc:2    | Learned a level 5 spell: Borgnjor's Vile Clutch
 21387 | D:10     | Found a staircase to the Lair.
 21996 | D:11     | Noticed Sonja
 21998 | D:11     | Killed Sonja
 21998 | D:11     | Reached skill level 1 in Necromancy
 21998 | D:11     | Reached skill level 5 in Invocations
 22002 | D:11     | Reached skill level 10 in Dodging
 22591 | D:11     | Reached skill level 1 in Shields
 22593 | D:11     | Reached skill level 13 in Earth Magic
 23400 | D:10     | Killed a tengu warrior
 23421 | Lair:1   | Entered Level 1 of the Lair of Beasts
 23761 | Lair:1   | Reached *** piety under Sif Muna
 24918 | Lair:2   | Found a staircase to the Snake Pit.
 25441 | Lair:2   | Noticed a four-headed hydra
 25446 | Lair:2   | Killed a four-headed hydra
 25885 | Lair:2   | Reached XP level 13. HP: 84/86 MP: 8/25
 26702 | Lair:3   | Reached **** piety under Sif Muna
 26837 | Lair:3   | Found a staircase to the Shoals.
 27042 | Lair:3   | Reached skill level 5 in Necromancy
 28912 | Lair:4   | Reached skill level 14 in Earth Magic
 29043 | Lair:4   | Reached skill level 5 in Shields
 29913 | Lair:5   | Found a dark tunnel.
 29952 | Volcano  | Entered a volcano
 30929 | Lair:5   | Reached ***** piety under Sif Muna
 31362 | Lair:5   | Identified Lehudib's Papyrus of the Mountains (Sif Muna
                  | gifted it to you on level 5 of the Lair of Beasts)
 31362 | Lair:5   | Received a gift from Sif Muna
 31737 | Lair:6   | Entered Level 6 of the Lair of Beasts
 32478 | Lair:6   | Reached XP level 14. HP: 93/93 MP: 13/27
 34966 | Lair:6   | Found a staircase to the Slime Pits.
 34966 | Lair:6   | Found a viscous altar of Jiyva.
 35342 | D:12     | Found Guizxato's Magic Scroll Emporium.
 35350 | D:12     | Bought a scroll of identify for 24 gold pieces
 35690 | D:12     | Reached skill level 15 in Earth Magic
 35908 | D:12     | Found Puepal's Antique Armour Boutique.
 35965 | D:12     | Bought a pair of glowing gloves for 240 gold pieces
 35982 | D:12     | Found Zufiedit's Jewellery Emporium.
 36094 | D:12     | Got a jewelled scimitar
 36101 | D:12     | Bought the amulet "Wuiwyw" {RegenMP rF+ MR+} for 595 gold
                  | pieces
 36127 | D:12     | Found Daitsil's General Store.
 36146 | D:12     | Bought a scroll of identify for 26 gold pieces
 36146 | D:12     | Identified the cursed +1 scimitar "Sen Tasa" {flame, Int+3}
                  | (You found it on level 12 of the Dungeon)
 36234 | D:12     | Found Lale's Antique Weapon Shop.
 36667 | D:13     | Reached skill level 10 in Spellcasting
 37387 | D:13     | Found a gate to the Vaults.
 37420 | D:13     | Identified Sif Muna's Disquisition on Entrancing Talismans
                  | (Sif Muna gifted it to you on level 13 of the Dungeon)
 37420 | D:13     | Received a gift from Sif Muna
 37713 | D:14     | Reached skill level 10 in Invocations
 37764 | D:14     | Learned a level 6 spell: Iron Shot
 38245 | D:14     | Reached skill level 1 in Fighting
 38403 | D:14     | Got a bloodstained trident
 38755 | D:15     | Entered Level 15 of the Dungeon
 39480 | D:15     | Reached XP level 15. HP: 86/107 MP: 12/29
 39769 | D:15     | Found a staircase to the Depths.
 40189 | D:15     | Identified Sif Muna's Catalogue of the Traveller and Dark
                  | Secrets (Sif Muna gifted it to you on level 15 of the
                  | Dungeon)
 40189 | D:15     | Received a gift from Sif Muna
 40224 | D:15     | Noticed Agnes
 40645 | D:15     | Killed Agnes
 40987 | D:12     | Bought a scroll of identify for 24 gold pieces
 40988 | D:12     | Identified the +4 trident "Qough" {flame, Int-2 Dex+4
                  | Stlth+} (You found it on level 14 of the Dungeon)
 41168 | D:12     | Bought an uncursed ring of poison resistance for 240 gold
                  | pieces
 41267 | Snake:1  | Entered Level 1 of the Snake Pit
 41661 | Snake:1  | Reached skill level 16 in Earth Magic
 41672 | Snake:1  | Learned a level 4 spell: Animate Dead
 41822 | Snake:1  | Reached skill level 5 in Fighting
 43134 | Snake:2  | Noticed a nagaraja
 43354 | Snake:2  | Killed a nagaraja
 43494 | Snake:2  | Found an opulent altar of Gozag.
 43590 | Snake:2  | Reached skill level 10 in Necromancy
 43756 | Snake:2  | Got a twisted spear
 43810 | Snake:2  | Killed from afar by a shock serpent

Levels and vault maps discovered:
D:1:      minmay_arrival_four_circles, layout_loops_ring, minmay_pentomino_z4
D:2:      layout_rooms, grunt_gozag_breadcrumbs, lemuel_crystal_altar
D:3:      layout_loops_cross, nemelex_xobeh_ov_fountains_minmay, first_ration,
          chequers_ecumenical_altar_lobes
D:4:      layout_basic, nicolae_tso_swordbearing_angel
D:5:      layout_loops_ring, trog_eyes_of_draining, nrook_loot_triangle,
          roderic_roman_lattice, st_stairs_5, uniq_ijyb, uniq_blork_the_orc
D:6:      cheibrodos_steamvent, layout_basic, minmay_temple_entry_sparse_star
D:7:      layout_loops_corners, evilmike_ruin_ashenzari, old_standard_altar,
          uniq_duvessa
D:8:      layout_loops_ring, ploomutoo_gammafunk_ghost_potion_laboratory,
          basic_altar, hangedman_pestilent_swarm, uniq_erica, uniq_joseph,
          uniq_psyche
D:9:      layout_big_octagon, nicolae_ru_great_annihilating_truth,
          elyvilon_altar_5, vehumet_statue, gammafunk_temple_overflow_statue,
          orc_0_dummy, ebering_ghost_rock_garden, st_stairs_9,
          chequers_serial_rivers_micro_a
D:10:     layout_stronghold, dpeg_oklobed_lair, minmay_radiant
D:11:     layout_roguey, uniq_sonja
D:12:     layout_rooms, serial_shops, shop_coins, shop, nicolae_shop_stone,
          shop, nicolae_shop_trees
D:13:     layout_roguey, erik_vaults_1, abandoned_shop
D:14:     layout_long_grid, minivault_24, drop_trap,
          corexii_mini_fake_secret_closet, minivault_22
D:15:     hangedman_depths_entry_try_elsewhere_first, layout_long_grid,
          serial_ice, serial_ice_k, serial_ice_h, serial_ice_c, serial_ice_b,
          portal_ice_cave_entry_pillars_1, minmay_fractal_squares_5, uniq_agnes
Temple:   eino_wide_crystal_templ
Lair:1:   layout_cave_shapes, serial_bayou_shore_a, infiniplex_staircase_pool
Lair:2:   layout_misc_corridors, minmay_snake_entry_guardpost_small,
          st_stairs_11
Lair:3:   layout_roguey, elwin_shoals_entry_stream
Lair:4:   layout_cave_pods, grunt_megastairs_1
Lair:5:   layout_gridlike, nicolae_volcano_entry_lava_flow, special_room
          [special_room_bee], minivault_25
Lair:6:   minmay_lair_end_enchanted_forest, layout_misc_corridors,
          slime_altar_1, serial_rivers, chequers_serial_rivers_micro_a,
          chequers_serial_rivers_micro_a, chequers_serial_rivers_micro_b,
          chequers_serial_rivers_small_b, chequers_serial_rivers_small_a
Snake:1:  layout_rooms, drop_trap, st_stairs_5
Snake:2:  layout_onion, basic_altar, serial_bayou_pond_d
Orc:1:    layout_diamond_mine, sword_in_stone
Orc:2:    st_orc_rangers, layout_diamond_mine, serial_shops,
          nicolae_shop_statue_plus, nicolae_alphabet_shops, led_sif_book

Skill      XL: |  1  2  3  4  5  6  7  8  9 10 11 12 13 14 15 |
---------------+----------------------------------------------+-----
Dodging        | 2 3 4 5 6 7 8 9 10 | 10.1
Spellcasting   | 3 5 6 8 9 10 | 10.0
Earth Magic    | 4 6 7 9 10 11 12 13 14 15 16 | 16.4
Conjurations   | 1 3 4 6 7 9 10 | 10.7
Invocations    | 4 7 9 10 | 10.0
Necromancy     | 4 6 8 10 | 10.0
Shields        | 3 6 8 9 |  9.8
Fighting       | 3 5 |  5.0
Stealth        | |  1.7
Transmutations | |  1.0

Action                   |  1- 3 |  4- 6 |  7- 9 | 10-12 | 13-15 || total
-------------------------+-------+-------+-------+-------+-------++-------
Melee: Unarmed           |    18 |       |     2 |       |       ||    20
       Tailslap          |     9 |    11 |    30 |    36 |    31 ||   117
       Dagger            |   116 |    57 |       |       |       ||   173
       Whip              |       |    90 |   222 |       |       ||   312
       Great sword       |       |       |    46 |   183 |    10 ||   239
       Scimitar          |       |       |       |       |   151 ||   151
Throw: Dart              |       |    18 |    19 |     8 |     2 ||    47
       Stone             |       |     2 |       |     1 |       ||     3
       Throwing net      |       |     1 |     5 |       |       ||     6
 Cast: Sandblast         |    20 |    47 |    37 |   119 |   336 ||   559
       Stone Arrow       |       |     4 |    53 |   301 |   450 ||   808
       Lee's Rapid Decon |       |       |       |     4 |       ||     4
       Borgnjor's Vile C |       |       |       |       |    77 ||    77
       Animate Dead      |       |       |       |       |    14 ||    14
       Iron Shot         |       |       |       |       |    12 ||    12
Invok: Channel Magic     |       |       |       |     1 |     5 ||     6
 Abil: Evoke Berserk Rag |       |       |       |     2 |       ||     2
Evoke: Wand              |       |       |    35 |    29 |     6 ||    70
       Phantom mirror    |       |       |       |       |     1 ||     1
  Use: Scroll            |     5 |     3 |     4 |    19 |    17 ||    48
       Potion            |       |       |     2 |     1 |     6 ||     9
 Stab: Sleeping          |     1 |     6 |     1 |     7 |     2 ||    17
       Distracted        |       |       |     1 |       |       ||     1
       Paralysed         |       |       |       |     1 |       ||     1
  Eat: Chunk             |     3 |     7 |    14 |    31 |    40 ||    95
       Ration            |       |     1 |     4 |     7 |    11 ||    23
Armor: Skin              |    45 |    43 |   111 |   120 |   162 ||   481
Dodge: Dodged            |   101 |   121 |   240 |   407 |   454 ||  1323
Block: Buckler           |       |       |       |       |    92 ||    92
       Shield            |       |       |       |       |   114 ||   114
       Rpst.: Great sword |       |       |    18 |    83 |    14 ||   115
       Scimitar          |       |       |       |       |   112 ||   112
